 Dungeon Crawl Stone Soup version 0.31-a0-354-g827e0957a7 (webtiles) character file.

Game seed: 8596410414214617355

16 avis the Ruffian (level 2, -1/24 HPs)
             Began as a Hill Orc Shapeshifter on July 23, 2023.
             Slain by a kobold
             ... wielding a +2 short sword of protection
              (3 damage)
             ... on level 1 of the Dungeon.
             The game lasted 00:03:23 (279 turns).

avis the Ruffian (Hill Orc Shapeshifter)             Turns: 279, Time: 00:03:24

Health: -1/24      AC:  2    Str: 17    XL:     2   Next: 58%
Magic:  2/2        EV: 12    Int:  8    God:
Gold:   0          SH:  0    Dex: 11    Spells: 1/1 levels left

rFire   . .          .
                       - Unarmed
rCold   . . .        (no shield)
rNeg    . . .        a - +0 animal skin
rPois   .            (helmet currently unavailable)
rElec   .            (cloak currently unavailable)
rCorr   .            (gloves currently unavailable)
SInv    .            (boots currently unavailable)
Will    .....        (no amulet)
Stlth   +            (no ring)
HPRegen 0.24/turn    (no ring)
MPRegen 0.08/turn

%: no passive effects
@: beast-form
A: beast (slay +2)
a: Begin Untransformation


You were on level 1 of the Dungeon.
You were a hulking beast.
You visited 1 branch of the dungeon, and saw 1 of its levels.

Inventory:

Hand Weapons
 h - a +0 spear
Missiles
 g - 4 poisoned darts
Armour
 a - a +0 animal skin (worn)
Talismans
 c - a beast talisman
Scrolls
 d - a scroll of acquirement {unknown}
 f - a scroll of teleportation {unknown}
Potions
 b - a potion of lignification
 e - 2 potions of degeneration {unknown}
 i - 2 potions of might {unknown}
 j - a potion of enlightenment {unknown}


   Skills:
 + Level 1.8 Fighting
 + Level 0.0 Armour
 - Level 1.5 Dodging
 + Level 3.5 Unarmed Combat
 + Level 3.0 Shapeshifting


You had one spell level left.
You didn't know any spells.
Your spell library contained the following spells:

 Spells                   Type           Power      Damage    Failure   Level
 Apportation              Tloc           0%         N/A       41%         1
 Necrotise                Necr           0%         1d4       41%         1
 Sting                    Tmut/Pois      0%         1d3       41%         1
 Summon Small Mammal      Summ           0%         N/A       41%         1
 Cigotuvi's Dreadful Rot  Necr/Pois/Air  0%         N/A       54%         2
 Ozocubu's Armour         Ice            0%         N/A       78%         3
 Ozocubu's Refrigeration  Ice            0%         4d7       100%        7


Dungeon Overview and Level Annotations

Branches:
Dungeon (1/15)

Altars:


Message History

You hit the goblin.
The goblin is moderately wounded.
The goblin closely misses you.
You barely miss the goblin.
The goblin is moderately wounded.
The goblin hits you but does no damage.
You hit the goblin.
The goblin is heavily wounded.
The kobold barely misses you. The goblin hits you with a +0 club.
You punch the goblin!
You kill the goblin!
The kobold hits you but does no damage.
Your Shapeshifting skill increases to level 3!
You completely miss the ball python. The ball python bites you.
The ball python barely misses you.
The kobold hits you with a +2 short sword of protection.
You barely miss the ball python. The ball python closely misses you. x2
The kobold hits you with a +2 short sword of protection.
You hit the ball python.
You kill the ball python!
The kobold hits you with a +2 short sword of protection.
You barely miss the kobold.
The kobold hits you with a +2 short sword of protection.
You hit the kobold but do no damage. The kobold closely misses you.
You closely miss the kobold.
The kobold hits you with a +2 short sword of protection.
* * * LOW HITPOINT WARNING * * *
You barely miss the kobold.
The kobold hits you with a +2 short sword of protection.
* * * LOW HITPOINT WARNING * * *
You hit the kobold.
The kobold is moderately wounded.
You miss the kobold.
The kobold is moderately wounded.
The kobold hits you with a +2 short sword of protection.
* * * LOW HITPOINT WARNING * * *
You hit the kobold but do no damage.
The kobold is moderately wounded.
The kobold hits you with a +2 short sword of protection.
You die...

#.........#
#.........######
#..............#
#......(.......#
#######........# #...#
#........# #.#.#
#........#
#.#.###........########
##....#.........h)....#
.................K....>.
#####.#.######.........#
....†.#... ...........#
#############..........#
#........=.#
#.########.# #. .#


You could see a kobold.

Vanquished Creatures
  2 ball pythons (D:1)
  A giant cockroach (D:1)
  4 goblins (D:1)
  4 jackals (D:1)
  2 kobolds (D:1)
13 creatures vanquished.

Notes
Turn   | Place    | Note
-------+----------+-------------------------------------------
     0 | D:1      | avis the Hill Orc Shapeshifter began the quest for the Orb.
     0 | D:1      | Reached XP level 1. HP: 16/16 MP: 1/1
     3 | D:1      | Got the Catalogue of the Frozen Black Widow
   113 | D:1      | Reached XP level 2. HP: 12/23 MP: 2/2
   278 | D:1      | HP: 1/24 [kobold/+2 short sword of protection (1)]
   279 | D:1      | Slain by a kobold

Illustrated notes

Levels and vault maps discovered:
D:1:      minmay_arrival_solitary_statue, layout_basic

Skill      XL: |  1  2 |
---------------+-------+-----
Shapeshifting  | 3 |  3.0
Fighting       | |  1.8
Dodging        | |  1.5
Unarmed Combat | |  3.5

Action                     || total
---------------------------++-------
  Melee: Unarmed           ||    53
         Punch             ||     2
 Armour: Animal skin       ||     6
  Dodge: Dodged            ||    28

Table legend: (Time is in decaauts)
 A = Elapsed time spent in this place.
 B = Non-inter-level travel time spent in this place.
 C = Inter-level travel time spent in this place.
 D = Time resting spent in this place.
 E = Time spent auto-exploring this place.
 F = Levels seen in this place.
 G = Mean time per level.
                   A        B        C        D        E       F      G
               +--------+--------+--------+--------+--------+-----+--------+
         Total |    275 |    275 |      0 |     83 |     56 |   1 |  275.0 |
       Dungeon |    275 |    275 |      0 |     83 |     56 |   1 |  275.0 |
               +--------+--------+--------+--------+--------+-----+--------+

Top non-repeatable levels by time:
     D:1: 275 daAuts
